AoeStats
← dario.calabrese

Arabia

509417064Analyzed
1v1 RM · 5d ago on Sep 26, 2026· 20m 38s· 2 players
Game mode
Random Map
Map size
Tiny (2 player)
Population
200
Speed
Normal
Resources
Standard
Victory
Conquest
Starting age
Dark Age
Ending age
Imperial Age
RankedLock teamsTeams togetherTeam positionsShared explorationLock speedFull tech treeHidden civsTurbo modeCheats
Victory
Defeat
🇮🇹 Aztecs · Italy
990
+17
🇩🇪 Franks · Germany
1006
-37
dario.calabrese
11:31 Feudal Age
12:02 Double-Bit Axe
11:59 Horse Collar
18:33 Fletching
19:35 Wheelbarrow
chrisdachris95
12:12 Feudal Age
12:19 Feudal Age
13:06 Double-Bit Axe
18:44 Man-at-Arms
Connection lost

Rejoining the realm…

Still unreachable

The connection could not be restored.

Session expired

The server has moved on; the page needs a fresh start.